 Dungeon Crawl Stone Soup version 0.29.0-13-gc9e81de378 (webtiles) character file.

Game seed: 1213955610090304910

312 Ashen the Chiller (level 6, -1/46 HPs)
             Began as a Demonspawn Ice Elementalist on Sept 7, 2022.
             Was an Initiate of Vehumet.
             Slain by an iguana (12 damage)
             ... on level 5 of the Dungeon.
             The game lasted 00:05:50 (5079 turns).

Ashen the Chiller (Demonspawn Ice Elementalist)     Turns: 5079, Time: 00:05:54

Health: -1/46      AC:  2    Str:  9    XL:     6   Next: 18%
Magic:  9/10       EV: 15    Int: 18    God:    Vehumet [......]
Gold:   221        SH:  0    Dex: 13    Spells: 4/11 levels left

rFire   + . .      SeeInvis .   m - +4 whip (flame)
rCold   . . .      Faith    .   (no shield)
rNeg    . . .      Spirit   .   a - +0 robe
rPois   .          Reflect  .   (no helmet)
rElec   .          Harm     .   (no cloak)
rCorr   .          Rampage  .   (no gloves)
Will    .....                   (no boots)
Stlth   ++........              (no amulet)
HPRegen 0.15/turn               g - ring of protection from fire
MPRegen 0.12/turn               (no ring)

@: no status effects
A: claws 2, repulsion field 1, powered by death 1
a: Renounce Religion


You were on level 5 of the Dungeon.
You worshipped Vehumet.
Vehumet was noncommittal.
You visited 2 branches of the dungeon, and saw 6 of its levels.

You collected 221 gold pieces.

Inventory:

Hand Weapons
 m - a +4 whip of flaming (weapon)
Armour
 a - a +0 robe (worn)
Jewellery
 g - a ring of protection from fire (left claw)
 j - an amulet of reflection
Scrolls
 c - 5 scrolls of identify {unknown}
 e - a scroll of blinking {unknown}
 i - a scroll of poison {unknown}
 k - a scroll of amnesia {unknown}
 l - a scroll of vulnerability {unknown}
 n - 2 scrolls of teleportation {unknown}
 p - a scroll of fear {unknown}
 r - a scroll of enchant weapon {unknown}
 s - a scroll of immolation {unknown}
 v - a scroll of brand weapon {unknown}
Potions
 b - a potion of magic
 d - 2 potions of lignification {unknown}
 f - a potion of degeneration {unknown}
 h - 2 potions of curing {unknown}
 o - a potion of brilliance {unknown}
 q - a potion of resistance {unknown}
 t - a potion of mutation {unknown}
 u - a potion of heal wounds {unknown}


   Skills:
 + Level 2.5 Fighting
 + Level 3.1 Dodging
 + Level 3.2 Stealth
 + Level 3.1 Spellcasting
 + Level 4.4 Ice Magic


You had 4 spell levels left.
You knew the following spells:

 Your Spells              Type           Power      Damage    Failure   Level
a - Freeze                Ice            72%        1d9       2%          1
b - Frozen Ramparts       Ice            36%        1d6       8%          3
c - Ozocubu's Armour      Ice            18%        N/A       8%          3

Your spell library contained the following spells:

 Spells                   Type           Power      Damage    Failure   Level
 Scorch                   Fire           4%         2d5       24%         2
 Hailstorm                Conj/Ice       10%        3d5       54%         4
 Flame Wave               Conj/Fire      2%         2d4       85%         4
 Summon Cactus Giant      Summ           1%         N/A       100%        6


Dungeon Overview and Level Annotations

Branches:
Dungeon (5/15)             Temple (1/1) D:4

Altars:
Dithmenos
Hepliaklqana
Kikubaaqudgha
Nemelex Xobeh
Qazlal
Vehumet
Wu Jian
Xom
Yredelemnul
Lugonu

Annotations:
D:2 Sigmund
D:3 1 runed translucent door, exclusion: door, Crazy Yiuf


Innate Abilities, Weirdness & Mutations

You have very sharp fingernails.
You are surrounded by a mild repulsion field. (EV +2)
You regenerate a little health from kills.


Message History

You see here a ball python corpse.
Done exploring.
Done exploring.
Done exploring.
No target in view!
Done exploring.
You open the door.
There is an open door here.
There is an open door here.
There is a stone staircase leading down here.
You climb downwards.
Found a war axe and a scroll labelled IGEMAHULIE.
Found an escape hatch in the ceiling.
There is a stone staircase leading up here.
The helpless ufetubus fails to defend itself.
You hit the ufetubus. You burn the ufetubus.
The ufetubus is heavily wounded.
The ufetubus barely misses you. The ufetubus closely misses you.
You hit the ufetubus. You burn the ufetubus.
You kill the ufetubus!
Vehumet accepts your kill.
No target in view!
An iguana comes into view.
You see here a scroll labelled IGEMAHULIE.
Found a stone staircase leading down.
The iguana hisses angrily.
The iguana bites you!
You barely miss the iguana. The iguana bites you!
You barely miss the iguana. The iguana closely misses you.
You closely miss the iguana. The iguana bites you!
* * * LOW HITPOINT WARNING * * *
Casting: Ozocubu's Armour (dangerous; 8% risk of failure)
Confirm with . or Enter, or press ? or * to list all spells.
Aiming: Freeze (safe; 2% risk of failure)
Press: ? - help, Shift-Dir - straight line, f - iguana
Aim: an iguana You freeze the iguana!
The iguana is heavily wounded.
The iguana seems to slow down.
The iguana bites you!
You die...

## .. .# #. ..>.
.#. .. ####+## #.
#.....
#.#l###..###
#...@......#
###.###?.#.#
##.###.<#.#
...........#
#######.#..######
#..<.......
###..#####. #..#
#...


You could see an iguana (slow).

Vanquished Creatures
  2 phantoms (D:4)
  A hound (D:4)
  An iguana (D:4)
  An adder (D:4)
  An ufetubus (D:5)
  2 worms (D:3)
  A dart slug (D:1)
  4 bats
  17 endoplasms
  4 giant cockroaches
  6 hobgoblins
  7 jackals
  A quokka (D:2)
  5 ball pythons
  5 frilled lizards
  6 goblins
  9 kobolds
  11 rats
84 creatures vanquished.

Notes
Turn   | Place    | Note
-------+----------+-------------------------------------------
     0 | D:1      | Ashen the Demonspawn Ice Elementalist began the quest for
                  | the Orb.
     0 | D:1      | Reached XP level 1. HP: 13/13 MP: 3/3
   352 | D:1      | Gained mutation: You are surrounded by a mild repulsion
                  | field. (EV +2) [demonic ancestry]
   352 | D:1      | Reached XP level 2. HP: 14/20 MP: 0/5
  1424 | D:1      | Reached skill level 1 in Fighting
  1424 | D:1      | Gained mutation: You regenerate a little health from kills.
                  | [demonic ancestry]
  1424 | D:1      | Reached XP level 3. HP: 26/26 MP: 6/6
  1778 | D:2      | Learned a level 3 spell: Frozen Ramparts
  2206 | D:2      | Noticed Sigmund
  2671 | D:3      | Gained mutation: You have sharp fingernails. [demonic
                  | ancestry]
  2671 | D:3      | Reached XP level 4. HP: 32/32 MP: 7/7
  2791 | D:3      | Reached skill level 4 in Ice Magic
  2852 | D:3      | Found a shadowy altar of Dithmenos.
  2893 | D:3      | Found a runed translucent door.
  2894 | D:3      | Noticed Crazy Yiuf
  3626 | D:3      | Learned a level 3 spell: Ozocubu's Armour
  3822 | D:4      | Noticed a phantom
  4115 | D:4      | Noticed a phantom
  4132 | D:4      | Killed a phantom
  4133 | D:4      | Reached XP level 5. HP: 35/38 MP: 3/9
  4379 | D:4      | Killed a phantom
  4380 | D:4      | Gained mutation: You have very sharp fingernails. [demonic
                  | ancestry]
  4380 | D:4      | Reached XP level 6. HP: 25/46 MP: 10/10
  4536 | D:4      | Found a staircase to the Ecumenical Temple.
  4545 | Temple   | Entered the Ecumenical Temple
  4560 | Temple   | Became a worshipper of Vehumet
  5066 | D:5      | Entered Level 5 of the Dungeon
  5079 | D:5      | Slain by an iguana

Illustrated notes

Levels and vault maps discovered:
D:1:      lightli_arrival_quake, layout_loops_ring, minmay_heptomino_d4
D:2:      layout_loops_ring, kennysheep_generic_room_12, uniq_sigmund
D:3:      layout_basic, nicolae_dithmenos_through_a_glass_darkly,
          uniq_crazy_yiuf_cottage
D:4:      layout_loops_corners, temple_statues
D:5:      layout_loops_ring, mainiacjoe_overflow_large_starburst,
          guppyfry_shop_venom
Temple:   corrupted_temple

Skill      XL: |  1  2  3  4  5 |
---------------+----------------+-----
Stealth        | 2 3 |  3.2
Dodging        | 2 3 |  3.1
Fighting       | 1 2 |  2.5
Ice Magic      | 4 |  4.4
Spellcasting   | 3 |  3.1

Action                   |  1- 3 |  4- 6 || total
-------------------------+-------+-------++-------
Melee: Short sword       |    55 |       ||    55
       Unarmed           |     7 |       ||     7
       Whip              |    49 |    87 ||   136
       Punch             |       |     1 ||     1
 Cast: Freeze            |    23 |    10 ||    33
       Ozocubu's Armour  |       |     1 ||     1
 Stab: Sleeping          |    12 |     9 ||    21
Armor: Robe              |    21 |     6 ||    27
Dodge: Dodged            |    68 |    49 ||   117
